 Dungeon Crawl Stone Soup version 0.20.1-1-g8b1a95d (webtiles) character file.

114 homeworkjunkie the Chopper (level 4, -1/40 HPs)
             Began as a Hill Orc Fighter on Dec 2, 2017.
             Killed from afar by an orc wizard (7 damage)
             ... with a puff of flame
             ... on level 4 of the Dungeon.
             The game lasted 00:04:45 (1232 turns).

homeworkjunkie the Chopper (Hill Orc Fighter)       Turns: 1232, Time: 00:04:45

Health: -1/40      AC: 11    Str: 19    XL:     4   Next: 98%
Magic:  4/4        EV:  5    Int:  8    God:
Gold:   98         SH:  8    Dex: 10    Spells: 3/3 levels left

rFire    . . .     SeeInvis .   a - +0 war axe
rCold    . . .     Gourm    .   c - +0 shield
rNeg     . . .     Faith    .   d - +0 chain mail
rPois    .         Spirit   .   (no helmet)
rElec    .         Reflect  .   e - +1 cloak
rCorr    .         Harm     .   (no gloves)
MR       .....                  (no boots)
Stlth    ..........             l - amulet of magic regeneration
Regen    0.2/turn               (no ring)
MPRegen  0.2/turn               (no ring)

@: slowed, drained, very slow
A: no striking features
a: no special abilities


You were on level 4 of the Dungeon.
You were hungry.

You visited 1 branch of the dungeon, and saw 4 of its levels.

You collected 98 gold pieces.

Inventory:

Hand Weapons
 a - a +0 war axe (weapon)
Armour
 c - a +0 shield (worn)
 d - a +0 chain mail (worn)
 e - a +1 cloak (worn)
Jewellery
 g - an uncursed amulet of harm
 l - an amulet of magic regeneration (around neck)
Wands
 h - a wand of iceblast (7/15)
Scrolls
 b - a scroll of amnesia {unknown}
Potions
 i - a potion of might
Comestibles
 f - 2 bread rations
 k - 3 royal jellies


   Skills:
 * Level 4.2(3.2) Fighting
 * Level 4.7(3.7) Axes
 * Level 4.0(3.0) Armour
 + Level 0.5(0.0) Dodging
 * Level 3.8(2.9) Shields


You had 3 spell levels left.
You didn't know any spells.

Dungeon Overview and Level Annotations

Branches:
Dungeon (4/15)
 Temple: D:4-7

Altars:
Elyvilon
Makhleb

Annotations:
D:2 2 transporters


Message History

The orc wizard is moderately wounded.
Your shield and chain mail prevent you from hitting the orc.
You closely miss the orc.
The orc wizard hits you but does no damage.
The orc hits you with a short sword. You block the orc's attack.
The orc wizard hits you with a dagger.
* * * LOW HITPOINT WARNING * * *
The orc wizard hits you but does no damage.
You block the orc's attack. The orc wizard barely misses you. The orc hits you.
* * * LOW HITPOINT WARNING * * *
The orc wizard hits you but does no damage.
You completely miss the orc wizard.
The orc wizard is moderately wounded.
You hit the orc but do no damage. You slash the orc wizard!
You completely miss the orc.
The orc wizard casts a spell.
The orc wizard blinks!
You block the orc's attack. The orc barely misses you.
The orc wizard points at you and mumbles some strange words.
The puff of flame hits you!
You die...

#. # #.# #.
..## .# #..#
.## #..##..##
##....o.##.#
##....#....#.
#..ยง.<.......
#.o@..#####..
......oo..#
..####....#
#......
........
##.........
#.........
#.........


You could see 2 orc wizards and 2 orcs.

Vanquished Creatures
  An orc wizard (D:3)
  3 adders
  2 worms (D:3)
  A dart slug (D:3)
  A leopard gecko (D:2)
  7 orcs
  A ball python (D:3)
  6 bats
  A giant cockroach (D:2)
  4 goblins
  4 hobgoblins
  3 jackals (D:1)
  A quokka (D:2)
  A frilled lizard (D:1)
  4 kobolds
  2 rats (D:2)
42 creatures vanquished.

Notes
Turn   | Place    | Note
-------+----------+-------------------------------------------
     0 | D:1      | homeworkjunkie the Hill Orc Fighter began the quest for the Orb.
     0 | D:1      | Reached XP level 1. HP: 19/19 MP: 1/1
   159 | D:1      | Reached XP level 2. HP: 27/27 MP: 2/2
   517 | D:2      | Reached XP level 3. HP: 29/33 MP: 3/3
   518 | D:2      | Found a burning altar of Makhleb.
   521 | D:2      | Noticed a two-headed ogre
   567 | D:2      | Found a transporter.
   640 | D:2      | Found a transporter.
   875 | D:3      | Found a faded altar of an unknown god.
   964 | D:3      | Reached XP level 4. HP: 21/40 MP: 4/4
  1210 | D:2      | Found a white marble altar of Elyvilon.
  1232 | D:4      | Killed from afar by an orc wizard

Skill      XL: |  1  2  3  4 |
---------------+-------------+-----
Axes           | 3 4 |  4.7
Fighting       | 4 |  4.2
Armour         | 4 |  4.0
Dodging        | |  0.5
Shields        | |  3.8

Action                   |  1- 3 |  4- 6 || total
-------------------------+-------+-------++-------
Melee: War axe           |   130 |    48 ||   178
  Use: Scroll            |     3 |       ||     3
       Potion            |     1 |       ||     1
  Eat: Chunk             |       |     1 ||     1
Armor: Scale mail        |    91 |     7 ||    98
       Chain mail        |       |    25 ||    25
Dodge: Dodged            |    54 |    19 ||    73
Block: Shield            |    83 |    30 ||   113
